 Dungeon Crawl Stone Soup version 0.19.5 (webtiles) character file.

3808 tognito the Severer (level 9, -1/70 HPs)
             Began as a Minotaur Berserker on May 25, 2017.
             Was an Elder of Trog.
             Slain by Fairytaker's ghost (17 damage)
             ... on level 8 of the Dungeon.
             The game lasted 00:12:46 (7388 turns).

tognito the Severer (Minotaur Berserker)            Turns: 7388, Time: 00:12:47

Health: -1/70      AC: 19    Str: 24    XL:     9   Next: 96%
Magic:  8/8        EV:  7    Int:  4    God:    Trog [****..]
Gold:   349        SH:  0    Dex: 11    Spells: 0 memorised, 8 levels left

rFire  . . .     SeeInvis .     a - +1 broad axe
rCold  + . .     Gourm    .     d - +2 plate armour {rC+}
rNeg   . . .     Faith    +     (no shield)
rPois  .         Spirit   .     (helmet restricted)
rElec  .         Reflect  .     (no cloak)
rCorr  .         Harm     .     g - +2 pair of gloves
MR     +....                    m - +0 pair of boots
Stlth  ..........               v - amulet of faith
                                (no ring)
                                (no ring)

@: no status effects
A: retaliatory headbutt, claws 1, horns 2, iridescent scales 1, magic resistance
1
a: Berserk, Trog's Hand, Brothers in Arms, Burn Spellbooks, Renounce Religion


You were on level 8 of the Dungeon.
You worshipped Trog.
Trog was greatly pleased with you.
You were near starving.

You visited 1 branch of the dungeon, and saw 8 of its levels.

You collected 349 gold pieces.

Inventory:

Hand Weapons
 a - a +1 broad axe (weapon)
Missiles
 k - 106 arrows
 x - 18 bolts
Armour
 d - a +2 plate armour of cold resistance (worn)
 g - a +2 pair of gloves (worn)
 m - a +0 pair of boots (worn)
Jewellery
 r - an uncursed amulet of magic regeneration
 v - an amulet of faith (around neck)
Wands
 h - a wand of paralysis (24/24)
 u - a wand of paralysis (12/24)
Scrolls
 b - 7 scrolls of remove curse
 e - 4 scrolls of enchant weapon
 j - a scroll of enchant armour
 l - 3 scrolls of identify
 p - 4 scrolls of teleportation
Potions
 z - a potion of invisibility
 A - a potion of curing
Comestibles
 c - 6 bread rations
 f - a beef jerky
 i - 4 fruits
 q - 3 meat rations
 s - a royal jelly
 w - a slice of pizza


   Skills:
 - Level 3.6 Fighting
 + Level 16.2 Axes
 - Level 2.4 Armour
 - Level 2.1 Dodging


You had 8 spell levels left.
You didn't know any spells.

Dungeon Overview and Level Annotations

Branches:
Dungeon (8/15)             Temple (0/1) D:5
   Lair: D:8-11

Altars:
Ashenzari
Okawaru

Annotations:
D:8 Fairytaker's ghost, novice MiFi


Innate Abilities, Weirdness & Mutations

You reflexively headbutt those who attack you in melee.
You have a pair of horns on your head.
You have sharp fingernails.
You are partially covered in iridescent scales. (AC +2)
You are resistant to hostile enchantments. (MR+)


Message History

Fairytaker's ghost is severely damaged.
Fairytaker's ghost barely misses you.
You slash Fairytaker's ghost!
You headbutt Fairytaker's ghost, but do no damage.
Fairytaker's ghost is almost destroyed.
Fairytaker's ghost hits you!
* * * LOW HITPOINT WARNING * * *
You hit Fairytaker's ghost.
Fairytaker's ghost is almost destroyed.
Fairytaker's ghost closely misses you. You furiously retaliate!
You headbutt Fairytaker's ghost, but do no damage.
Your plate armour prevents you from hitting Fairytaker's ghost.
Fairytaker's ghost is almost destroyed.
You hit Fairytaker's ghost.
Fairytaker's ghost is almost destroyed.
Fairytaker's ghost barely misses you.
You hit Fairytaker's ghost but do no damage.
Fairytaker's ghost is almost destroyed.
Fairytaker's ghost hits you!
You die...

.##.#.#####.......#
.##.#.# #######)#
.##.#.# #.# #
....#.# #.##.#
...##.#
#########....#
##.##.#
.........#####
#.##.# .###..##.#
###### ## #†# #@##
#.W## #...####
#......# .
##...##.# .
#...###.# # #
##.####.## ...
#.###...###....
#..............


You could see Fairytaker's ghost.

Vanquished Creatures
  The ghost of VeryBadWizard the Chopper, a novice FoAK of Lugonu (D:5)
  A hippogriff (D:7)
  A mottled dragon (D:8)
  Edmund (D:4)
  Duvessa (D:5)
  2 black bears
  3 phantoms
  2 orc warriors (D:7)
  9 ogres
  A centaur (D:7)
  A crocodile (D:7)
  A bullfrog (D:6)
  Dowan (D:5)
  4 scorpions
  A water moccasin skeleton (D:8)
  3 killer bees (D:7)
  A howler monkey (D:5)
  2 crimson imps (D:5)
  2 jellies
  3 hounds
  A centaur skeleton (D:6)
  3 orc wizards
  A gnoll shaman (D:6)
  4 iguanas
  Jessica (D:3)
  4 worker ants
  2 hound zombies
  A hound skeleton (D:5)
  A worker ant zombie (D:6)
  10 gnolls
  6 adders
  2 shadow imps
  An adder skeleton (D:5)
  5 worms
  2 dart slugs (D:1)
  10 leopard geckos
  17 orcs
  7 giant cockroaches
  5 goblins
  5 hobgoblins
  10 jackals
  3 quokkas
  A ball python (D:1)
  2 bats (D:3)
  5 frilled lizards
  A giant cockroach zombie (D:5)
  A jackal skeleton (D:8)
  6 kobolds
  A quokka zombie (D:7)
  4 rats
163 creatures vanquished.

Vanquished Creatures (others)
  5 plants (D:7)
5 creatures vanquished.

Grand Total: 168 creatures vanquished

Notes
Turn   | Place    | Note
-------+----------+-------------------------------------------
     0 | D:1      | tognito the Minotaur Berserker began the quest for the Orb.
     0 | D:1      | Reached XP level 1. HP: 19/19 MP: 0/0
    70 | D:1      | Reached skill level 4 in Axes
   111 | D:1      | Reached XP level 2. HP: 26/26 MP: 1/1
   855 | D:2      | Reached skill level 5 in Axes
  1120 | D:2      | Reached XP level 3. HP: 31/31 MP: 2/2
  1173 | D:2      | Reached XP level 4. HP: 11/39 MP: 3/3
  1516 | D:2      | Found an iron altar of Okawaru.
  1525 | D:2      | Reached skill level 6 in Axes
  1956 | D:3      | Reached ** piety under Trog
  1979 | D:3      | Found a shattered altar of Ashenzari.
  2588 | D:3      | Noticed Jessica
  2592 | D:3      | Killed Jessica
  2592 | D:3      | Reached skill level 7 in Axes
  2592 | D:3      | Reached XP level 5. HP: 45/45 MP: 4/4
  2776 | D:4      | Reached skill level 8 in Axes
  2777 | D:4      | Noticed Edmund
  2789 | D:4      | Killed Edmund
  2789 | D:4      | Reached XP level 6. HP: 36/51 MP: 5/5
  2993 | D:4      | Reached skill level 9 in Axes
  3237 | D:4      | Reached XP level 7. HP: 38/57 MP: 6/6
  3241 | D:4      | Reached *** piety under Trog
  3397 | D:4      | Reached skill level 10 in Axes
  3591 | D:4      | Found Olaurufa's Gadget Boutique.
  3777 | D:5      | Entered Level 5 of the Dungeon
  3795 | D:5      | Reached skill level 11 in Axes
  3931 | D:5      | Found a staircase to the Ecumenical Temple.
  3933 | D:5      | Reached XP level 8. HP: 60/64 MP: 7/7
  3954 | D:5      | Noticed Duvessa
  3955 | D:5      | Noticed Dowan
  3963 | D:5      | Killed Dowan
  3970 | D:5      | Killed Duvessa
  4084 | D:5      | Noticed VeryBadWizard's ghost (novice FoAK)
  4146 | D:5      | Reached skill level 12 in Axes
  4699 | D:5      | Killed VeryBadWizard's ghost
  4699 | D:5      | Reached skill level 13 in Axes
  5192 | D:6      | Gained mutation: You are partially covered in iridescent scales. (AC +2) [potion of mutation]
  5192 | D:6      | Gained mutation: You are resistant to hostile enchantments. (MR+) [potion of mutation]
  5192 | D:6      | Gained mutation: You have sharp fingernails. [potion of mutation]
  5208 | D:6      | Reached XP level 9. HP: 53/70 MP: 8/8
  5217 | D:6      | Reached skill level 14 in Axes
  5379 | D:6      | Reached **** piety under Trog
  5876 | D:7      | Reached skill level 15 in Axes
  6818 | D:7      | Reached skill level 16 in Axes
  7360 | D:8      | Noticed Fairytaker's ghost (novice MiFi)
  7388 | D:8      | Slain by Fairytaker's ghost

Skill      XL: |  1  2  3  4  5  6  7  8  9 |
---------------+----------------------------+-----
Axes           | 4 5 7 8 9 11 13 16 | 16.2
Fighting       | |  3.6
Armour         | |  2.4
Dodging        | |  2.1

Action                   |  1- 3 |  4- 6 |  7- 9 || total
-------------------------+-------+-------+-------++-------
Melee: Hand axe          |    46 |   121 |       ||   167
       Headbutt          |     7 |    21 |    53 ||    81
       Broad axe         |       |     4 |   297 ||   301
Invok: Burn Spellbooks   |       |     1 |       ||     1
       Berserk           |       |       |     2 ||     2
  Use: Potion            |     1 |     1 |     9 ||    11
       Scroll            |       |       |    10 ||    10
 Stab: Invisible         |       |       |     2 ||     2
  Eat: Chunk             |     1 |     6 |    14 ||    21
Armor: Animal skin       |     4 |       |       ||     4
       Plate armour      |    29 |    70 |   192 ||   291
Dodge: Dodged            |    27 |    36 |   102 ||   165
